 Dungeon Crawl Stone Soup version 0.31.0-11-ge490571c62 (webtiles) character file.

Game seed: 10993748822751643853

978 browni3141 the Cleaver (level 7, -5/66 HPs)
             Began as a Minotaur Fighter on Jan 27, 2024.
             Was an Initiate of Okawaru.
             Slain by a river rat (8 damage)
             ... on level 6 of the Dungeon.
             The game lasted 00:01:33 (2178 turns).

browni3141 the Cleaver (Minotaur Fighter)           Turns: 2178, Time: 00:01:33

Health: -5/66      AC:  6    Str: 23    XL:     7   Next: 95%
Magic:  6/6        EV:  9    Int:  5    God:    Okawaru [......]
Gold:   76         SH:  4    Dex:  9    Spells: 6/6 levels left

rFire   . . .        a - +0 war axe
rCold   . . .        c - +0 buckler
rNeg    . . .        b - +0 scale mail
rPois   .            (helmet restricted)
rElec   .            (no cloak)
rCorr   .            (no gloves)
SInv    .            (no boots)
Will    .....        (no amulet) Stlth
                     (no ring)
HPRegen 0.31/turn    (no ring)
MPRegen 0.10/turn

%: no passive effects
@: lit by a corona, glowing
A: horns 2, retaliatory headbutt
a: Renounce Religion


You were on level 6 of the Dungeon.
You worshipped Okawaru.
Okawaru was noncommittal.
You visited 2 branches of the dungeon, and saw 7 of its levels.

You collected 76 gold pieces.

Inventory:

Hand Weapons
 a - a +0 war axe (weapon)
Missiles
 e - 3 javelins (quivered)
Armour
 b - a +0 scale mail (worn)
 c - a +0 buckler (worn)
Jewellery
 i - a ring of magical power
 o - a ring of flight
Wands
 l - a wand of flame (14)
Scrolls
 f - a scroll of teleportation {unknown}
 g - 3 scrolls of identify {unknown}
 h - a scroll of enchant armour {unknown}
 j - a scroll of blinking {unknown}
 m - a scroll of torment {unknown}
Potions
 d - a potion of might
 k - a potion of heal wounds {unknown}


   Skills:
 + Level 7.3 Fighting
 * Level 9.3 Axes
 - Level 3.6 Armour
 - Level 3.6 Shields


You had 6 spell levels left.
You didn't know any spells.
Your spell library was empty.

Dungeon Overview and Level Annotations

Branches:
Dungeon (6/15)             Temple (1/1) D:6

Altars:
Ashenzari
Cheibriados
Dithmenos
Fedhas
Gozag
Kikubaaqudgha
Makhleb
Okawaru
Qazlal
Vehumet
Yredelemnul

Shops:
D:4 =

Annotations:
D:6 Duvessa


Innate Abilities, Weirdness & Mutations

You have a pair of horns on your head.
You reflexively headbutt those who attack you in melee.


Message History

The river rat squeaks loudly.
You hit the adder. Your headbutt misses the adder.
The adder is heavily wounded.
You closely miss the kobold.
You hear an angry hiss.
The adder bites you but does no damage. The kobold barely misses you.
You furiously retaliate!
You headbutt the kobold!
You kill the kobold!
Okawaru accepts your kill.
You barely miss the adder.
The adder is heavily wounded.
You block the adder's attack. The adder bites you but does no damage.
The adder barely misses you.
Things that are here:
a wand of flame (14); a kobold corpse You closely miss the adder.
Your headbutt misses the adder.
The adder is heavily wounded.
The adder bites you but does no damage.
You closely miss the adder.
The adder is heavily wounded.
The adder bites you but does no damage. You block the adder's attack.
You hit the adder. Your headbutt misses the adder.
The adder is almost dead.
You hit the river rat. The river rat closely misses you.
You furiously retaliate!
You headbutt the river rat!
You kill the river rat!
Okawaru accepts your kill. You block the adder's attack.
You closely miss the adder. You headbutt the adder.
You kill the adder!
Okawaru accepts your kill.
No target in view!
No target in view!
A giant cockroach and a river rat come into view.
A ball python comes into view.
Things that are here:
a wand of flame (14); a kobold corpse
l - a wand of flame (14)
You block the giant cockroach's attack.
A river rat comes into view.
The river rat squeaks loudly.
You slash the giant cockroach!
You kill the giant cockroach!
Okawaru accepts your kill.
You hear a shout!
You hit the river rat but do no damage. Your headbutt misses the river rat.
You hear the quick hiss of an avalanche of sand nearby.
You hear the quick rusting of a drain very nearby.
The river rat bites you but does no damage.
You hit the river rat.
The river rat is lightly wounded.
The river rat bites you!
You barely miss the river rat. Your headbutt misses the river rat.
The river rat is lightly wounded.
You block the river rat's attack.
You barely miss the river rat.
The river rat is lightly wounded.
The river rat bites you.
You slash the river rat!
You kill the river rat!
Okawaru accepts your kill.
Dowan, Brother of Duvessa comes into view.
He is wielding a +0 dagger and carrying a wand of flame.
The river rat bites you.
The ball python bites you but does no damage.
You block the ball python's attack.
You hit the ball python.
You kill the ball python!
Okawaru accepts your kill.
You closely miss the river rat. Dowan casts a spell at you.
You are outlined in light.
The river rat bites you.
You hit the river rat but do no damage. Your headbutt misses the river rat.
The river rat bites you but does no damage.
Duvessa, Sister of Dowan comes into view.
She is wielding a +0 short sword.
The river rat barely misses you.
You see here a ball python corpse.
Duvessa shouts!
You hit the river rat but do no damage.
Dowan zaps a wand.
The puff of flame hits you! The river rat bites you.
Dowan zaps a wand.
The puff of flame hits you!
You slice Dowan!! You headbutt Dowan.
Dowan is almost dead.
You closely miss the river rat.
Dowan casts a spell at Duvessa.
Duvessa seems to speed up.
The river rat bites you.
You miss Dowan. Your headbutt misses Dowan.
Dowan is almost dead.
You closely miss the river rat.
Dowan points at you and mumbles some strange words.
The puff of flame hits you! You block the river rat's attack.
You slash Dowan!
You kill Dowan!
Okawaru accepts your kill.
You hear a distant scream of rage.
You hit the river rat.
The river rat bites you but does no damage.
You closely miss the river rat. Your headbutt misses the river rat.
The river rat is heavily wounded.
You hit Duvessa but do no damage.
Duvessa goes berserk!
Duvessa hits you with a +0 short sword! The river rat bites you!
You die...

## .. ..# .. #.# ..
#.. .### ..###.##...#
.##........# ##.
#...#e...# #..
#...@....# #.#
#$#†r.#..#
#.###†.......#
###..(.†..#....#
.######....##........#
.........#.#######...#
.####......# ####
.##........#
....#......#


You could see Duvessa (berserk, fast) and a river rat.

Vanquished Creatures
  Menkaure (D:6)
  A black bear (D:4)
  An ice beast (D:6)
  A phantom (D:5)
  3 scorpions
  Dowan (D:6)
  A howler monkey (D:5)
  A bombardier beetle (D:6)
  A gnoll bouda (D:6)
  A jelly (D:5)
  2 hounds (D:4)
  2 sleepcaps
  4 gnolls (D:6)
  4 adders
  2 river rats (D:6)
  A dart slug (D:3)
  2 ribbon worms
  16 orcs
  An endoplasm (D:2)
  3 giant cockroaches
  3 hobgoblins
  4 kobolds
  2 ball pythons
  2 frilled lizards (D:2)
  2 rats (D:1)
62 creatures vanquished.

Notes
Turn   | Place    | Note
-------+----------+-------------------------------------------
     0 | D:1      | browni3141 the Minotaur Fighter began the quest for the
                  | Orb.
     0 | D:1      | Reached XP level 1. HP: 19/19 MP: 0/0
    49 | D:2      | Reached skill level 3 in Axes
    51 | D:2      | Reached XP level 2. HP: 19/27 MP: 1/1
   142 | D:4      | Reached skill level 4 in Axes
   142 | D:4      | Reached XP level 3. HP: 34/34 MP: 2/2
   185 | D:4      | Reached XP level 4. HP: 32/41 MP: 3/3
   189 | D:4      | Reached skill level 5 in Axes
   237 | D:4      | Found Ypusinis's Jewellery Shoppe.
   381 | D:4      | Noticed a black bear
   386 | D:4      | Killed a black bear
   387 | D:4      | Reached skill level 5 in Fighting
   387 | D:4      | Reached skill level 6 in Axes
   387 | D:4      | Reached XP level 5. HP: 33/48 MP: 4/4
  1026 | D:5      | Entered Level 5 of the Dungeon
  1032 | D:5      | Reached XP level 6. HP: 42/56 MP: 5/5
  1044 | D:5      | Found an ancient bone altar of Kikubaaqudgha.
  1201 | D:5      | Found a snail-covered altar of Cheibriados.
  1217 | D:5      | Reached skill level 7 in Axes
  1710 | D:6      | Noticed an ice beast
  1717 | D:6      | Reached XP level 7. HP: 42/64 MP: 6/6
  1726 | D:6      | Reached skill level 8 in Axes
  1744 | D:6      | Found a staircase to the Ecumenical Temple.
  1767 | D:6      | HP: 3/64 [poisoned by an orc]
  1769 | D:6      | HP: 1/64 [poisoned by an orc]
  1778 | Temple   | Entered the Ecumenical Temple
  1805 | Temple   | Became a worshipper of Warmaster Okawaru
  1987 | D:6      | Noticed Menkaure
  1994 | D:6      | Killed Menkaure
  1995 | D:6      | Reached skill level 9 in Axes
  2146 | D:6      | Found a radiant altar of Vehumet.
  2169 | D:6      | Noticed Dowan
  2172 | D:6      | Noticed Duvessa
  2177 | D:6      | Killed Dowan
  2178 | D:6      | HP: 3/66 [Duvessa/+0 short sword (7)]
  2178 | D:6      | Slain by a river rat

Illustrated notes

Levels and vault maps discovered:
D:1:      mrwooster_arrival_statue_3, layout_basic,
          chequers_serial_rivers_room_b, dreamdust_princess_corridor
D:2:      layout_rooms, minmay_misc_feat_doors, wad_woods_river_04
D:3:      minmay_diamond_boxcup, layout_basic,
          nicolae_ru_great_annihilating_truth, serial_park_tiny_pond
D:4:      layout_loops_corners, serial_shops, shop
D:5:      layout_cave_pools, mainiacjoe_overflow_paths, cheibriados_altar_1,
          nicolae_letterblocks [nicolae_letter_subblock,
          nicolae_letter_subblock, nicolae_letter_subblock,
          nicolae_letter_subblock, nicolae_letter_subblock,
          nicolae_letter_subblock, nicolae_letter_subblock,
          nicolae_letter_subblock, nicolae_letter_subblock,
          nicolae_letter_subblock, nicolae_letter_subblock,
          nicolae_letter_subblock, nicolae_letter_subblock,
          nicolae_letter_subblock, nicolae_letter_subblock,
          nicolae_letter_subblock, nicolae_letter_subblock,
          nicolae_letter_subblock, nicolae_letter_subblock,
          nicolae_letter_subblock, nicolae_letter_subblock,
          nicolae_letter_subblock, nicolae_letter_subblock,
          nicolae_letter_subblock, nicolae_letter_subblock]
D:6:      layout_basic, dreamdust_divine_triumvirate, vehumet_altar_wand_db,
          xom_teletrap_fun, minmay_temple_entry_stoned_glass,
          portal_sewer_entry_b, enter_ossuary_2, palyth_stone_intersect,
          amcnicky_mini_rare_corridor_liquid, uniq_eustachio, uniq_duvessa,
          uniq_menkaure
Temple:   hellmonk_temple_flake

Skill      XL: |  1  2  3  4  5  6  7 |
---------------+----------------------+-----
Axes           | 3 4 6 7 9 |  9.3
Fighting       | 4 5 6 7 |  7.3
Armour         | |  3.6
Shields        | |  3.6

Action                     |  1- 3 |  4- 6 |  7- 9 || total
---------------------------+-------+-------+-------++-------
  Melee: War axe           |    23 |    54 |    64 ||   141
         Headbutt          |     3 |    11 |    11 ||    25
    Use: Potion            |       |       |     3 ||     3
 Armour: Scale mail        |    24 |    37 |    52 ||   113
  Dodge: Dodged            |    15 |    30 |    18 ||    63
  Block: Buckler           |     8 |     8 |    14 ||    30
